Unix NetHack Version 5.0.0-0 post-release - last build May  4 2026 22:22:43 (774f63e81ad911689b3a0859ea89b322d5daca8d,branch:main).

Game began 2026-05-07 09:28:18, ended 2026-05-07 10:13:49.

01245990302, lawful female human Monk

                      -----------           ----------------
                      |.........|           |..............|     ####
                  ####..........|          #........=....>.|    ##--|--
                  #   |....s.s@e-###########-.-----------.--  ### |...|
                  #   -.---------          ############  ######   |...|
                  #    ######             ## #####    #          #....|
                  #         #                    ########        #|...|
               ###############                        # ######### +<`.|
             ######                                   #          #-----
   |         ##                                       #          #
   |!%%      ##                                        ##        #
   |%!!%.-####                                ----------|-----  ##
   |%%%                                       |..............|  #
   ----                                       |..............|  #
                                              |..............| ##
                                              |..............-##
                                              ----------------

01245990302 the Novice          St:14 Dx:13 Co:13 In:10 Wi:17 Ch:8  Lawful
Dlvl:3  $:38 HP:0(29) Pw:29(29) AC:4  Xp:4 T:3136 

Latest messages:
 You find a hidden door.
 The door resists!
 The door resists!
 In what direction? 4
 Whammm!!
 The door opens.
 You see here a bubbly potion.
 You see here 2 lembas wafers.
 You see here 2 carrots.
 p - 2 carrots (3 in total).
 You kill the lichen!
 You see here a dark green potion.
 A - a dark green potion.
 You see here 2 lembas wafers.
 B - 2 lembas wafers.
 You see here a bubbly potion.
 C - a bubbly potion.
 You hit the floating eye.
 You are frozen by the floating eye's gaze!
 You hear someone cursing shoplifters.
 You hear the footsteps of a guard on patrol.
 The cave spider bites!
 The cave spider bites!
 The cave spider bites!
 The cave spider bites!
 The cave spider bites!
 The cave spider bites!
 The cave spider bites!
 The cave spider bites!
 The cave spider bites!
 The cave spider just misses!
 The cave spider bites!
 The cave spider bites!
 The cave spider just misses!
 The cave spider bites!
 The cave spider bites!
 The cave spider misses!
 The cave spider bites!
 The cave spider bites!
 The cave spider bites!
 The cave spider bites!
 The cave spider bites!
 The cave spider bites!
 The cave spider bites!
 You die...
 Do you want your possessions identified? [ynq] (y) y
 Do you want to see your attributes? [ynq] (y) y
 Do you want an account of creatures vanquished? [ynaq] (y) y
 Do you want to see your conduct and achievements? [ynq] (y) y
 Do you want to see the dungeon overview? [ynq] (y) y

Inventory:
 Coins    ('$')
  $ - 38 gold pieces
 Weapons  (')')
  m - a +0 elven bow
  s - 5 +0 darts
  v - a +0 orcish dagger
 Armor    ('[')
  r - an uncursed +0 orcish helm
  u - an uncursed +0 orcish helm
  o - a cursed -1 orcish helm
  t - an uncursed +0 pair of gauntlets of power
  a - an uncursed +2 pair of leather gloves (being worn)
  b - an uncursed +1 robe (being worn)
 Comestibles  ('%')
  g - 5 uncursed apples
  p - 3 uncursed carrots
  f - 3 uncursed food rations
  i - 3 uncursed fortune cookies
  B - 2 uncursed lembas wafers
  h - 5 uncursed oranges
  l - an uncursed pancake
  w - an uncursed lichen corpse
 Scrolls  ('?')
  c - an uncursed scroll of enchant armor
  x - an uncursed scroll of enchant weapon
 Spellbooks  ('+')
  j - a blessed spellbook of protection
 Potions  ('!')
  q - an uncursed potion of fruit juice
  A - an uncursed potion of gain energy
  e - a blessed potion of healing
  d - 2 uncursed potions of healing
  C - an uncursed potion of speed
 Tools    ('(')
  k - an uncursed oil lamp
 Gems/Stones  ('*')
  n - an uncursed worthless piece of blue glass
  y - an uncursed worthless piece of green glass

01245990302 the Monk's attributes:

Background:
 You were a Novice, a level 4 female human Monk.
 You were lawful, nominally on a mission for Shan Lai Ching
 who was opposed by Chih Sung-tzu (neutral) and Huan Ti (chaotic).
 You were right-handed.
 You were in the Dungeons of Doom, on level 3.
 You entered the dungeon 3136 turns ago.
 You had 120 experience points, 40 more were needed to attain level 5.

Basics:
 You had 0 out of 29 hit points.
 You had all 29 energy points (spell power).
 Your armor class was 4.
 Your wallet contained 38 zorkmids.
 Autopickup was off.

Final Characteristics:
 Your strength was 14 (peak:15, limit:18/100).
 Your dexterity was 13 (limit:18).
 Your constitution was 13 (limit:18).
 Your intelligence was 10 (limit:18).
 Your wisdom was 17 (limit:18).
 Your charisma was 8 (limit:18).

Final Status:
 You weren't hungry.
 You were unencumbered.
 You were empty handed.
 You had basic skill with martial arts.

Final Attributes:
 You were piously aligned.
 You were sleep resistant.
 You were poison resistant.
 You saw invisible.
 You were guarded.
 Your spell casting was enhanced by wearing a robe.
 You were fast.
 You are dead.

Miscellaneous:
 You didn't encounter any bones levels.
 Total elapsed playing time was 45 minutes and 29 seconds.

Major events:
 Turn
    1: 01245990302 the lawful female human Monk entered the dungeon
  860: attained the rank of Novice (level 3)
 3136: killed by a cave spider, while frozen by a floating eye's gaze

Spells:
 Name                 Level Category     Fail Retention
 protection             1   clerical       0%  76%-100%

Skills:
 Fighting Skills
   martial arts       [Basic]
 Weapon Skills
   quarterstaff       [Unskilled]
   spear              [Unskilled]
   crossbow           [Unskilled]
   shuriken           [Unskilled]
 Spellcasting Skills
   attack spells      [Unskilled]
   healing spells     [Basic]
   divination spells  [Unskilled]
   enchantment spells [Unskilled]
   clerical spells    [Unskilled]
   escape spells      [Unskilled]
   matter spells      [Unskilled]

Voluntary challenges:
 Character rerolling was not enabled.
 You were an atheist.
 You never hit with a wielded weapon.
 You were illiterate.
 You never genocided any monsters.
 You never polymorphed an object.
 You never changed form.
 You used no wishes.
Achievements:
 You entered a shop.
 You attained the rank of Novice.

 The Dungeons of Doom: levels 1 to 3
    Level 1:
       A fountain.
    Level 2:
       An armor shop.
    Level 3: <- You were here.
       Final resting place for
          you, killed by a cave spider, while frozen by a floating eye's gaze.


Vanquished creatures:
  a gas spore
  a giant rat
  a cave spider
  a brown mold
  a yellow mold
  2 red molds
  3 geckos
  4 jackals
  3 foxes
  3 kobolds
  4 goblins
  a sewer rat
  5 grid bugs
  7 lichens
  a kobold zombie
  3 newts
41 creatures vanquished.

No species were genocided or became extinct.

Game over:
                       ----------
                      /          \
                     /    REST    \
                    /      IN      \
                   /     PEACE      \
                  /                  \
                  |   01245990302    |
                  |      38 Au       |
                  | killed by a cave |
                  |      spider      |
                  |                  |
                  |                  |
                  |       2026       |
                 *|     *  *  *      | *
        _________)/\\_//(\/(/\)/\//\/|_)_______

Goodbye 01245990302 the Monk...

You died in The Dungeons of Doom on dungeon level 3 with 615 points,
and 38 pieces of gold, after 3136 moves.
You were level 4 with a maximum of 29 hit points when you died.

